 Dungeon Crawl Stone Soup version 0.20-a0-984-ge8aa303 (webtiles) character file.

44270 Firecrotchwizard the Severer (level 13, -2/122 HPs)
             Began as a Minotaur Berserker on Apr 11, 2017.
             Was a High Priest of Trog.
             Slain by a 13-headed hydra (10 damage)
             ... on level 11 of the Dungeon.
             The game lasted 00:43:34 (15667 turns).

Firecrotchwizard the Severer (Minotaur Berserker)  Turns: 15667, Time: 00:43:34

Health: -2/122     AC: 25    Str: 23    XL:     13   Next: 95%
Magic:  12/12      EV: 19    Int:  4    God:    Trog [*****.]
Gold:   1385       SH:  0    Dex: 14    Spells: 12/12 levels left

rFire    . . .     SeeInvis +   Y - +3 battleaxe
rCold    . . .     Gourm    .   (shield currently unavailable)
rNeg     . . .     Faith    .   Q - +0 chain mail
rPois    +         Spirit   .   U - +2 hat {SInv}
rElec    .         Reflect  .   O - +2 cloak {MR+}
rCorr    .         Harm     .   C - +2 pair of gloves
MR       +....                  i - +2 pair of boots
Stlth    ..........             j - amulet of regeneration
Regen    0.7/turn               o - +4 ring of evasion
MPRegen  0.2/turn               R - ring of poison resistance

@: no status effects
A: retaliatory headbutt, horns 2
a: Berserk, Trog's Hand, Brothers in Arms, Burn Spellbooks, Renounce Religion


You were on level 11 of the Dungeon.
You worshipped Trog.
Trog was extremely pleased with you.
You were not hungry.

You visited 2 branches of the dungeon, and saw 17 of its levels.

You collected 1730 gold pieces.
You spent 345 gold pieces at shops.

Inventory:

Hand Weapons
 b - a +1 antimagic broad axe
 H - the +2 war axe of Xedozec {antimagic, rPois rF- rC- Dex+6}
   (You found it on level 6 of the Dungeon)

   It reduces the magical energy of the wielder, and disrupts the spells and
   magical abilities of those hit.
   Natural abilities and divine invocations are not affected.
   It affects your dexterity (+6).
   It makes you vulnerable to fire.
   It makes you vulnerable to cold.
   It protects you from poison.
 Y - a +3 battleaxe (weapon)
Missiles
 A - 4 poisoned tomahawks
 L - 4 javelins of penetration
 P - 3 javelins of returning
 T - 6 steel javelins (quivered)
Armour
 i - a +2 pair of boots (worn)
 C - a +2 pair of gloves (worn)
 O - a +2 cloak of magic resistance (worn)
 Q - a +0 chain mail (worn)
 U - a +2 hat of see invisible (worn)
Jewellery
 d - an uncursed amulet of guardian spirit
 j - an amulet of regeneration (around neck)
 o - a +4 ring of evasion (left hand)
 G - the amulet "Xyot" {+Rage rF+ MR+}
   (You found it on level 4 of the Lair of Beasts)

   [amulet of rage]

   It protects you from fire.
   It affects your resistance to hostile enchantments.
   It lets you go berserk.
 R - a ring of poison resistance (right hand)
Scrolls
 e - 7 scrolls of identify
 l - 3 scrolls of recharging
 p - 8 scrolls of remove curse
 u - 7 scrolls of enchant weapon
 y - a scroll of fog
 z - a scroll of blinking
 D - 6 scrolls of teleportation
 K - 3 scrolls of magic mapping
 M - a scroll of enchant armour
Potions
 f - a potion of berserk rage {unknown}
 g - 3 potions of lignification
 h - a potion of mutation {unknown}
 k - 5 potions of brilliance
 n - 4 potions of haste
 q - 2 potions of invisibility
 r - 4 potions of ambrosia
 v - 5 potions of heal wounds
 w - 9 potions of curing
 x - a potion of magic {unknown}
 B - 3 potions of flight {unknown}
 F - a potion of agility
 I - a potion of cancellation {unknown}
 N - 2 potions of might
Comestibles
 a - 19 fruits
 c - 12 bread rations
 m - 8 meat rations
 s - 9 chunks of flesh
 J - 2 royal jellies


   Skills:
 + Level 13.0 Fighting
 * Level 17.0 Axes
 - Level 6.3 Throwing
 + Level 12.8 Armour
 + Level 11.7 Dodging


You had 12 spell levels left.
You didn't know any spells.

Dungeon Overview and Level Annotations

Branches:
Dungeon (11/15)            Temple (0/1) D:6            Lair (6/6) D:8
  Swamp (0/4) Lair:2        Snake (0/4) Lair:2        Slime (0/5) Lair:6
    Orc: D:9-12

Altars:
Ashenzari
Dithmenos
Gozag
Kikubaaqudgha
Okawaru
Qazlal
Wu Jian
Yredelemnul
Jiyva

Shops:
D:8 *[=(

Portals:
Trove: D:10 (give +3 gold dragon scales)


Innate Abilities, Weirdness & Mutations

You reflexively headbutt those who attack you in melee.
You have a pair of horns on your head.


Message History

* * * LOW HITPOINT WARNING * * *
The 12-headed hydra closely misses you. The 12-headed hydra misses you.
The 12-headed hydra bites you but does no damage.
The 12-headed hydra misses you.
The 12-headed hydra barely misses you. x2
The 12-headed hydra bites you but does no damage.
The 12-headed hydra completely misses you.
You chop one of the 12-headed hydra's heads off!
The 11-headed hydra grows two more!
You slice the 13-headed hydra!!
Your headbutt misses the 13-headed hydra.
The 13-headed hydra is severely wounded.
The 13-headed hydra misses you.
The 13-headed hydra bites you but does no damage.
The 13-headed hydra bites you.
* * * LOW HITPOINT WARNING * * *
The 13-headed hydra bites you but does no damage.
The 13-headed hydra barely misses you. The 13-headed hydra misses you.
The 13-headed hydra bites you but does no damage. x2
The 13-headed hydra completely misses you.
The 13-headed hydra barely misses you. The 13-headed hydra bites you!
You die...

# ..#.# # ..≈≈. ..#.# #.....#
## #≈≈≈≈# ####.#.# ##.....#
#. ≈≈≈≈≈≈# ##≈##.#.# ##≈.....
#.
≈≈≈≈≈≈≈##≈≈≈#.#.#.###≈≈≈≈≈≈##
#. ≈≈≈≈≈≈≈≈≈≈≈≈≈.#.#
..≈≈≈≈≈≈≈≈# #.
≈≈≈≈≈≈≈≈≈≈≈≈≈≈#.####.≈≈≈≈≈≈#
#.
≈≈≈≈≈≈≈≈≈≈≈≈≈;D@#.<#.#≈≈≈≈#
#. ≈≈≈≈≈≈≈≈≈≈≈≈≈≈#.##.#.##≈≈#
## .≈≈≈≈≈≈#≈≈≈≈≈##.......)..#
.≈≈≈≈≈###≈≈≈###..........#
.≈≈≈≈# ##≈## #..........#
.#≈≈# ### ##....)....# ###
#####)###########
#)(((.()(.).. #############


You could see a 13-headed hydra and an electric eel.

Vanquished Creatures
  An azure jelly (Lair:6)
  Nessos (Lair:5)
  Fannar (Lair:1)
  6 hydras
  A merfolk avatar (Lair:6)
  2 two-headed ogres
  A sea snake (Lair:6)
  An oklob plant (Lair:1)
  A deep elf mage (D:9)
  3 elephants (Lair:6)
  A torpor snail (Lair:4)
  A centaur zombie (D:9)
  7 black mambas
  A gargoyle (D:11)
  11 spiny frogs
  Psyche (D:10)
  2 rime drakes
  11 komodo dragons
  A troll (D:9)
  The ghost of pagos the Skirmisher, an amateur MiFi (D:5)
  4 polar bears (Lair:6)
  2 hornets (Lair:6)
  10 hippogriffs
  A wind drake (Lair:6)
  9 dream sheep (Lair:6)
  Prince Ribbit (D:8)
  5 wyverns
  A wraith (D:9)
  Sigmund (D:2)
  45 yaks
  8 basilisks
  A hungry ghost (D:8)
  Menkaure (D:7)
  A steam dragon (D:8)
  3 nagas (Lair:2)
  A soldier ant (D:10)
  10 porcupines
  7 water moccasins
  An ice beast (D:5)
  4 sky beasts
  A necrophage (D:8)
  An orc warrior (D:11)
  6 ogres
  3 phantoms
  3 wolves (Lair:4)
  7 centaurs
  13 crocodiles
  2 big kobolds
  9 bullfrogs
  A wyvern zombie (D:11)
  6 killer bees
  4 wights (D:10)
  3 electric eels
  2 howler monkeys
  2 crimson imps
  2 bullfrog zombies
  A centaur skeleton (D:6)
  3 jellies
  4 hounds
  9 orc wizards
  A bullfrog skeleton (D:9)
  Crazy Yiuf (D:7)
  5 iguanas
  5 worker ants
  2 hound skeletons
  A howler monkey zombie (D:5)
  12 adders
  3 shadow imps
  3 oozes
  2 adder skeletons
  A worm (D:4)
  2 dart slugs
  6 leopard geckos
  26 orcs
  4 giant cockroaches
  7 goblins
  7 hobgoblins
  16 jackals
  5 quokkas
  A ball python (D:7)
  7 bats
  A frilled lizard (D:1)
  18 kobolds
  A leopard gecko zombie (D:7)
  A quokka zombie (D:5)
  4 rats
  3 fungi
  5 plants
403 creatures vanquished.

Vanquished Creatures (collateral kills)
  2 hydras
  A sea snake (Lair:6)
3 creatures vanquished.

Vanquished Creatures (others)
  7 fungi
  20 plants
27 creatures vanquished.

Grand Total: 433 creatures vanquished

Notes
Turn   | Place    | Note
-------+----------+-------------------------------------------
     0 | D:1      | Firecrotchwizard the Minotaur Berserker began the quest for the Orb.
     0 | D:1      | Reached XP level 1. HP: 19/19 MP: 0/0
   178 | D:1      | Reached XP level 2. HP: 12/27 MP: 1/1
   447 | D:1      | Reached skill level 4 in Axes
   954 | D:2      | Reached XP level 3. HP: 33/33 MP: 2/2
  1337 | D:2      | Noticed Sigmund
  1343 | D:2      | Killed Sigmund
  1343 | D:2      | Reached skill level 5 in Axes
  1343 | D:2      | Reached XP level 4. HP: 33/41 MP: 3/3
  1343 | D:2      | Reached XP level 5. HP: 37/47 MP: 4/4
  1468 | D:2      | Reached ** piety under Trog
  2131 | D:3      | Reached skill level 6 in Axes
  2131 | D:3      | Reached XP level 6. HP: 51/53 MP: 5/5
  2482 | D:3      | Reached skill level 5 in Fighting
  2543 | D:4      | Reached XP level 7. HP: 61/61 MP: 6/6
  2572 | D:4      | Reached skill level 7 in Axes
  2572 | D:4      | Reached skill level 5 in Armour
  2841 | D:4      | Reached *** piety under Trog
  3080 | D:5      | Entered Level 5 of the Dungeon
  3276 | D:5      | Noticed pagos's ghost (amateur MiFi)
  3287 | D:5      | Killed pagos's ghost
  3287 | D:5      | Reached skill level 8 in Axes
  3287 | D:5      | Reached skill level 5 in Dodging
  3287 | D:5      | Reached XP level 8. HP: 49/70 MP: 7/7
  4183 | D:6      | Found a shadowy altar of Dithmenos.
  4216 | D:6      | Found a staircase to the Ecumenical Temple.
  4332 | D:6      | Found a shattered altar of Ashenzari.
  4332 | D:6      | Found an iron altar of Okawaru.
  4397 | D:6      | Got a crude war axe
  4412 | D:6      | Identified the cursed +2 war axe of Xedozec {antimagic, rPois rF- rC- Dex+6} (You found it on level 6 of the Dungeon)
  4431 | D:6      | Found an opulent altar of Gozag.
  4581 | D:6      | Reached skill level 9 in Axes
  4794 | D:7      | Noticed a hippogriff
  4800 | D:7      | Killed a hippogriff
  4818 | D:7      | Noticed Menkaure
  4826 | D:7      | Killed Menkaure
  4826 | D:7      | Reached XP level 9. HP: 51/79 MP: 8/8
  4969 | D:7      | Found an ancient bone altar of Kikubaaqudgha.
  5021 | D:7      | Reached **** piety under Trog
  5058 | D:7      | Reached skill level 10 in Axes
  5058 | D:7      | Reached skill level 1 in Throwing
  5268 | D:7      | Found a runed door.
  5457 | D:7      | Found a stormy altar of Qazlal.
  5662 | D:7      | Noticed Crazy Yiuf
  5665 | D:7      | Killed Crazy Yiuf
  5721 | D:8      | Found Josouvys's Weapon Boutique.
  5796 | D:8      | Noticed Prince Ribbit
  5805 | D:8      | Killed Prince Ribbit
  5939 | D:8      | Found Idiruwet's Jewellery Shop.
  5963 | D:8      | Bought an uncursed ring of poison resistance for 300 gold pieces
  6002 | D:8      | Noticed a two-headed ogre
  6013 | D:8      | Killed a two-headed ogre
  6013 | D:8      | Reached skill level 11 in Axes
  6013 | D:8      | Reached XP level 10. HP: 56/88 MP: 9/9
  6074 | D:8      | Found a staircase to the Lair.
  6081 | D:8      | Found Lodeerim's General Store.
  6089 | D:8      | Bought a scroll of teleportation for 45 gold pieces
  6249 | D:8      | Found an ornate altar of the Wu Jian Council.
  6421 | D:8      | Found Puecu's Armour Shoppe.
  6954 | D:9      | Found a basalt altar of Yredelemnul.
  6954 | D:9      | Noticed a deep elf mage
  6968 | D:9      | Killed a deep elf mage
  7236 | D:9      | Reached ***** piety under Trog
  7438 | D:9      | Reached skill level 12 in Axes
  7736 | D:10     | Entered Level 10 of the Dungeon
  7882 | D:10     | Noticed Psyche
  7888 | D:10     | Killed Psyche
  8365 | D:10     | Found a portal to a secret trove of treasure.
  8516 | Lair:1   | Entered Level 1 of the Lair of Beasts
  8678 | Lair:1   | Noticed Fannar
  8678 | Lair:1   | Noticed a spiny frog
  8684 | Lair:1   | Killed a spiny frog
  8684 | Lair:1   | Reached XP level 11. HP: 87/96 MP: 10/10
  8693 | Lair:1   | Killed Fannar
  8818 | Lair:1   | Noticed an eight-headed hydra
  8824 | Lair:1   | Killed a ten-headed hydra
  8885 | Lair:1   | Noticed an oklob plant
  8895 | Lair:1   | Killed an oklob plant
  8895 | Lair:1   | Reached skill level 5 in Throwing
  9161 | Lair:1   | Reached skill level 13 in Axes
  9496 | Lair:2   | Found a staircase to the Snake Pit.
  9560 | Lair:2   | Reached skill level 10 in Fighting
  9807 | Lair:2   | Found a staircase to the Swamp.
  9861 | Lair:2   | Reached skill level 10 in Armour
 10097 | Lair:2   | Received a gift from Trog
 11013 | Lair:3   | Reached XP level 12. HP: 101/108 MP: 11/11
 11265 | Lair:3   | Reached skill level 14 in Axes
 11304 | Lair:3   | Noticed a seven-headed hydra
 11311 | Lair:3   | Killed an eight-headed hydra
 11844 | Lair:4   | Noticed an eight-headed hydra
 11846 | Lair:4   | Reached skill level 10 in Dodging
 11851 | Lair:4   | Killed a ten-headed hydra
 11894 | Lair:4   | Got a pitted copper amulet
 11895 | Lair:4   | Identified the amulet "Xyot" {+Rage rF+ MR+} (You found it on level 4 of the Lair of Beasts)
 11925 | Lair:4   | Noticed a five-headed hydra
 11939 | Lair:4   | Killed a ten-headed hydra
 12367 | Lair:4   | Reached skill level 15 in Axes
 13199 | Lair:5   | Noticed Nessos
 13208 | Lair:5   | Killed Nessos
 13372 | Lair:5   | Reached XP level 13. HP: 117/117 MP: 12/12
 13714 | Lair:6   | Entered Level 6 of the Lair of Beasts
 13840 | Lair:6   | Received a gift from Trog
 14095 | Lair:6   | Reached skill level 16 in Axes
 14296 | Lair:6   | Noticed an azure jelly
 14498 | Lair:6   | Found a viscous altar of Jiyva.
 14498 | Lair:6   | Found a staircase to the Slime Pits.
 14757 | Lair:6   | Killed an azure jelly
 14757 | Lair:6   | Received a gift from Trog
 14891 | Lair:6   | Received a gift from Trog
 14900 | Lair:6   | Identified the Compendium of the Voyage and Augmentations
 15531 | D:11     | Reached skill level 17 in Axes
 15667 | D:11     | Slain by a 13-headed hydra

Vault maps used:
D:1:      minmay_arrival_hallway, minmay_misc_feat_cross
D:2:      kennysheep_small_spiral, uniq_sigmund
D:4:      first_bread, hangedman_decor_clover_reticule, minivault_5
D:6:      nicolae_dithmenos_through_a_glass_darkly,
          gammafunk_temple_overflow_pools, old_standard_altar, temple_fountains,
          serial_curves, eino_curves_03, eino_curves_01
D:7:      kiku_gazebo_pond_becter, kennysheep_mini_moat, grunt_ogre_cave,
          minivault_19, uniq_menkaure, uniq_crazy_yiuf_cottage
D:8:      old_standard_altar, lair_entry_dummy, serial_shops,
          nicolae_shop_waterfront, kennysheep_mini, shop, shop,
          uniq_prince_ribbit1
D:9:      david_defended_altar_elf
D:10:     enter_trove_6, uniq_psyche
D:11:     serial_shops, shop
Lair:1:   grunt_megastairs_4, minmay_lair_oklob_chamber, uniq_fannar
Lair:2:   minmay_swamp_entry_reptiles, minmay_snake_entry_guardpost_small,
          cheibrodos_lair_reptile_den, lemuel_fruit_tree, lemuel_fruit_fields,
          infiniplex_staircase_pool
Lair:3:   st_stairs_7, grunt_forest_small_clearings
Lair:4:   kennysheep_basilisk_garden, grunt_megastairs_5
Lair:5:   serial_bayou_shore_a, lemuel_fruit_fields, uniq_nessos
Lair:6:   gammafunk_lair_ancient_temple, dpeg_slime_entry_enclosed_altar

Skill      XL: |  1  2  3  4  5  6  7  8  9 10 11 12 13 |
---------------+----------------------------------------+-----
Axes           | 4 5 6 8 9 11 12 13 15 17 | 17.0
Armour         | 3 4 5 7 8 9 10 11 12 | 12.8
Fighting       | 4 5 6 7 8 9 10 11 13 | 13.0
Dodging        | 3 4 5 6 7 8 9 10 11 | 11.7
Throwing       | 2 4 6 |  6.3

Action                   |  1- 3 |  4- 6 |  7- 9 | 10-12 | 13-15 || total
-------------------------+-------+-------+-------+-------+-------++-------
Melee: Hand axe          |    59 |    90 |       |       |       ||   149
       Headbutt          |     9 |    20 |    61 |   114 |    68 ||   272
       War axe           |       |    18 |   251 |   151 |       ||   420
       Battleaxe         |       |       |       |   339 |   293 ||   632
Throw: Tomahawk          |       |       |     1 |     1 |       ||     2
Invok: Trog's Hand       |       |       |     3 |     5 |     1 ||     9
       Burn Spellbooks   |       |       |     1 |     4 |       ||     5
       Berserk           |       |       |     1 |     1 |       ||     2
       Brothers in Arms  |       |       |       |     3 |     2 ||     5
  Use: Scroll            |       |       |    12 |    16 |       ||    28
       Potion            |       |       |       |     1 |       ||     1
 Stab: Distracted        |       |       |       |     1 |       ||     1
  Eat: Chunk             |     1 |     4 |    13 |    26 |     8 ||    52
       Royal jelly       |       |       |       |     2 |     1 ||     3
Armor: Animal skin       |     7 |       |       |       |       ||     7
       Scale mail        |    14 |    46 |    88 |    10 |       ||   158
       Chain mail        |       |       |       |   271 |   206 ||   477
Dodge: Dodged            |    28 |    76 |   157 |   378 |   334 ||   973
